Map: Ulrena

Players

LiquidBunny (Bunny) - Winner!

  • Race: Terran Terran
  • League: Grandmaster

Altaria

  • Race: Terran Terran

Event: NationWars III

VOD

Have the link to the VOD?

Description

Time

  • Played on: Dec. 11, 2015, 12:45 p.m.
  • Length: 5:11

All games in this series

Show
View Real Time Build Order
Export as new Build Order

LiquidBunny Terran - Winner!

Build Orders: Cyclone Opening 

Get SALT Encoding   

  12  0:00  SCV  
  13  0:13  SCV  
  14  0:17  Supply Depot  
  14  0:25  SCV  
  14  0:28  Refinery  
  15  0:39  SCV  
  16  0:45  Barracks  
  16  0:51  SCV  
  17  0:57  Refinery  
  17  1:03  SCV  
  18  1:15  SCV  
  19  1:31  Orbital Command  
  19  1:32  Factory  
  19  1:40  Reaper  
  20  1:50  Supply Depot  
  20  1:57  SCV  
  21  2:09  SCV  
  21  2:13  Barracks Reactor  
  22  2:15  Factory Tech Lab  
  22  2:21  SCV  
  23  2:26  Command Center  
  23  2:35  Cyclone  
  26  2:40  Supply Depot  
  26  2:44  SCV  
  26  2:49  Marine x2  
  29  2:56  SCV  
  30  3:01  Starport  
  30  3:06  Marine  
  30  3:08  Marine  
  30  3:09  SCV  
  33  3:24  Marine  
  33  3:25  Siege Tank  
  33  3:26  Marine  
  37  3:32  Supply Depot  
  37  3:42  Orbital Command  
  37  3:49  Medivac  
  37  3:53  Marine  
  37  3:54  Marine  
  41  3:59  SCV  
  42  4:10  Engineering Bay  
  42  4:13  SCV, Orbital Command  
  43  4:21  Marine x2  
  45  4:25  SCV  
  45  4:28  Siege Tank  
  49  4:37  SCV, Missile Turret  
  50  4:49  SCV  
  50  4:56  SCV  
Show
View Real Time Build Order
Export as new Build Order

Altaria Terran 

Build Orders: 1/1/1, Cyclone Opening 

Get SALT Encoding   

  12  0:01  SCV  
  13  0:13  SCV  
  14  0:18  Supply Depot  
  14  0:25  SCV  
  15  0:30  Refinery  
  15  0:39  SCV  
  16  0:45  Barracks  
  16  0:51  SCV  
  16  0:56  Refinery  
  17  1:03  SCV  
  18  1:16  SCV  
  19  1:32  Marine  
  19  1:33  Factory  
  19  1:39  Orbital Command  
  20  1:51  Reaper  
  21  1:56  Supply Depot  
  21  2:05  SCV  
  22  2:17  SCV  
  22  2:18  Starport  
  23  2:25  Hellion  
  23  2:29  SCV  
  26  2:33  Barracks Tech Lab  
  26  2:41  SCV  
  27  2:45  Supply Depot  
  27  2:53  SCV  
  28  2:59  Cyclone  
  31  3:07  SCV, Medivac  
  31  3:08  Barracks Reactor  
  34  3:19  SCV  
  35  3:31  SCV  
  35  3:33  Supply Depot  
  36  3:41  Command Center  
  36  3:46  SCV  
  37  3:56  Banshee  
  40  4:03  Marine x2  
  40  4:06  SCV  
  40  4:07  Factory Tech Lab  
  39  4:18  Supply Depot  
  39  4:19  SCV  
  39  4:21  Marine x2  
  42  4:25  Siege Tank  
  42  4:31  SCV  
  45  4:39  Marine x2  
  45  4:43  SCV  
  30  4:55  SCV  
Tags
 
Add a new tag
Caveats
  • Supply blocks, unpowered buildings, or Contaminate may cause inaccurate times.
  • Supply counts are checked every 10 seconds.